Map: Magma Mines

Players

IIIIIIIIIIII

  • Race: Zerg Zerg
  • League: Diamond

Tenonee

  • Race: Zerg Zerg
  • League: Diamond

labxxnz

  • Race: Terran Terran

KKrazy

  • Race: Terran Terran
  • League: Diamond

VOD

Have the link to the VOD?

Description

Time

  • Played on: July 31, 2016, 4:53 a.m.
  • Length: 14:01
Show
View Real Time Build Order
Export as new Build Order

IIIIIIIIIIII Zerg 

Build Orders: Pool First, Muta Ling Bane, Zergling Baneling 

Get SALT Encoding   

  12  0:01  Drone  
  13  0:13  Drone  
  14  0:23  Extractor x2  
  14  0:24  Drone x2  
  16  0:41  Extractor  
  16  0:42  Spawning Pool  
  14  0:49  Overlord  
  14  1:08  Drone x3  
  17  1:14  Evolution Chamber  
  16  1:22  Drone  
  17  1:28  Queen  
  17  1:32  Drone  
  20  1:44  Overlord  
  20  1:59  Drone  
  21  2:06  Metabolic Boost  
  21  2:12  Hatchery  
  20  2:25  Queen  
  20  2:28  Overlord  
  22  2:49  Drone x5  
  27  3:17  Zergling x10  
  32  3:23  Baneling Nest  
  31  3:28  Drone  
  32  3:40  Zergling x10  
  37  3:57  Zergling x2  
  37  3:58  Drone  
  35  4:11  Queen  
  33  4:30  Zergling x2  
  33  4:31  Zergling x8  
  38  4:41  Baneling x9  
  38  4:42  Baneling  
  38  4:44  Zergling x2  
  38  4:45  Zergling x10  
  41  5:08  Zergling x2  
  41  5:11  Drone x2  
  42  5:25  Zergling x4  
  29  5:56  Drone  
  29  5:57  Drone x5  
  34  6:08  Lair  
  34  6:13  Extractor  
  34  6:15  Hatchery  
  31  6:26  Overlord  
  31  6:27  Overlord x2  
  31  6:39  Zerg Melee Weapons Level 1  
  31  6:49  Spore Crawler  
  31  6:52  Spore Crawler  
  29  6:58  Drone x6  
  35  7:15  Spire  
  34  7:17  Drone x2  
  34  7:18  Drone  
  34  7:22  Drone  
  38  7:32  Drone x2  
  38  7:36  Extractor x2  
  38  7:40  Drone  
  38  7:41  Drone  
  40  7:46  Drone  
  41  7:56  Drone x3  
  44  8:03  Drone x3  
  47  8:18  Infestation Pit  
  46  8:23  Centrifical Hooks  
  46  8:24  Zergling x2  
  46  8:25  Zergling x10  
  46  8:26  Baneling x4  
  52  8:48  Mutalisk x4  
  46  9:14  Hatchery  
  45  9:19  Mutalisk  
  45  9:20  Mutalisk x3  
  53  9:25  Extractor  
  53  9:26  Extractor  
  34  10:17  Hive  
  34  10:20  Zerg Melee Weapons Level 2  
  34  10:31  Drone  
  34  10:32  Queen  
  37  10:49  Evolution Chamber  
  36  10:50  Drone  
  36  10:51  Drone x3  
  36  10:52  Drone x2  
  42  10:57  Hatchery  
  42  11:02  Drone  
  42  11:04  Drone  
  43  11:12  Drone x2  
  43  11:13  Drone x2  
  47  11:32  Drone x2  
  49  11:33  Drone  
  49  11:38  Zerg Ground Armor Level 1  
  49  11:39  Ultralisk Cavern  
  49  11:46  Drone x3  
  52  11:47  Drone  
  52  11:50  Drone x2  
  52  11:51  Drone  
  56  11:56  Drone  
  56  12:00  Drone  
  58  12:02  Drone  
  58  12:03  Drone  
  58  12:04  Overlord  
  58  12:06  Overlord  
  60  12:11  Overlord x2  
  60  12:26  Chitinous Plating  
  60  12:32  Hatchery  
  59  12:46  Drone  
  59  12:47  Drone x10  
  79  13:09  Ultralisk  
  79  13:10  Ultralisk  
  90  13:46  Hatchery  
Show
View Real Time Build Order
Export as new Build Order

Tenonee Zerg 

Build Orders: Hatch First 

Get SALT Encoding   

  12  0:03  Drone  
  13  0:18  Overlord  
  13  0:25  Drone  
  14  0:38  Drone x2  
  16  0:47  Drone  
  17  0:55  Drone  
  18  1:02  Hatchery  
  17  1:06  Drone  
  17  1:08  Extractor  
  17  1:18  Spawning Pool  
  17  1:25  Drone x2  
  18  1:36  Drone  
  19  1:44  Overlord  
  19  2:05  Queen  
  19  2:07  Zergling x4  
  23  2:13  Metabolic Boost  
  23  2:15  Queen  
  25  2:18  Overlord  
  25  2:40  Drone  
  28  2:50  Queen  
  30  2:59  Pneumatized Carapace  
  30  3:02  Drone x3  
  30  3:04  Overlord  
  31  3:14  Drone x4  
  35  3:29  Overlord x2  
  35  3:32  Queen  
  37  3:48  Roach Warren  
  36  3:49  Drone x5  
  36  3:50  Drone  
  41  4:06  Zergling x2  
  41  4:07  Zergling x10  
  47  4:34  Hatchery, Lair  
  46  4:43  Drone  
  46  4:44  Drone x6  
  46  4:45  Drone  
  54  4:47  Extractor  
  54  4:48  Extractor  
  54  4:49  Extractor  
  48  5:20  Drone x3  
  51  5:24  Drone x3  
  51  5:25  Drone  
  55  5:37  Zergling x10  
  60  5:55  Roach x2  
  60  5:56  Roach  
  66  6:02  Spire  
  65  6:11  Overlord x3  
  65  6:22  Drone  
  66  6:26  Extractor x2  
  66  6:31  Overlord x2  
  64  6:33  Roach x6  
  64  6:34  Roach x5  
  86  6:49  Drone x2  
  86  6:50  Drone x2  
  86  6:51  Drone x2  
  91  7:01  Queen  
  91  7:14  Ravager  
  91  7:15  Ravager x6  
  97  7:16  Ravager  
  97  7:17  Overlord x3  
  97  7:21  Drone  
  97  7:22  Drone x3  
  102  7:23  Evolution Chamber  
  102  7:24  Evolution Chamber, Drone x6  
  102  7:28  Overlord x2  
  106  7:33  Baneling Nest, Zerg Flyer Weapons Level 1  
  106  7:35  Queen  
  106  7:37  Glial Reconstitution  
  107  8:03  Zerg Ground Armor Level 1  
  107  8:04  Zerg Melee Weapons Level 1  
  107  8:05  Mutalisk x6  
  109  8:06  Mutalisk  
  120  8:19  Roach  
  123  8:20  Roach x6  
  128  8:48  Roach  
  116  8:49  Roach x7  
  116  8:50  Roach x2  
  127  9:18  Overlord x3  
  127  9:20  Zergling x4  
  127  9:21  Zergling x6  
  119  9:35  Mutalisk  
  119  9:36  Mutalisk x4  
  118  10:08  Zergling x2  
  118  10:12  Zerg Ground Armor Level 2  
  118  10:13  Zerg Melee Weapons Level 2  
  119  10:16  Centrifical Hooks  
  119  10:17  Zerg Flyer Weapons Level 2, Infestation Pit  
  116  10:55  Overlord x3  
  116  11:05  Queen  
  116  11:06  Hatchery, Extractor  
  116  11:09  Extractor  
  116  11:10  Overlord x2  
  116  11:11  Overlord  
  115  11:12  Hive  
  115  11:16  Drone  
  115  11:17  Overlord  
  116  11:34  Mutalisk, Zergling x2  
  116  11:35  Mutalisk x6  
  116  11:36  Mutalisk x7  
  145  11:59  Zergling x18  
  146  12:14  Drone x3  
  146  12:15  Drone  
  142  12:29  Ultralisk Cavern  
  141  12:37  Hatchery  
  140  12:41  Queen  
  140  12:59  Zergling x2  
  140  13:00  Zergling x34  
  128  13:25  Baneling  
  128  13:26  Baneling x20  
Show
View Real Time Build Order
Export as new Build Order

labxxnz Terran 

Build Orders: 1/1/1, Liberator Opening, MMM Bio 

Get SALT Encoding   

  12  0:01  SCV  
  13  0:13  SCV  
  14  0:19  Supply Depot  
  14  0:25  SCV  
  15  0:30  Refinery  
  15  0:42  Barracks  
  15  0:46  SCV  
  16  0:58  SCV  
  17  1:10  SCV  
  18  1:23  SCV  
  19  1:35  Factory  
  19  1:36  Marine  
  19  1:39  Orbital Command  
  20  1:54  Marine  
  20  1:56  Supply Depot  
  21  2:03  Refinery  
  21  2:12  SCV  
  22  2:18  Marine  
  23  2:25  Factory Tech Lab  
  23  2:29  Starport  
  23  2:36  Marine  
  24  2:38  SCV  
  25  2:49  Command Center  
  25  2:52  Siege Tank  
  25  2:56  Marine  
  29  3:03  Supply Depot  
  29  3:07  Liberator  
  29  3:17  Marine  
  30  3:22  SCV  
  34  3:34  SCV  
  34  3:40  Marine, Siege Tank  
  39  3:58  Supply Depot  
  39  4:00  SCV  
  40  4:20  SCV  
  40  4:22  Medivac  
  40  4:23  Orbital Command  
  43  4:24  Marine  
  43  4:29  Barracks  
  43  4:30  Barracks  
  44  4:44  Siege Tank  
  44  4:45  Orbital Command  
  47  4:47  Marine  
  47  4:48  SCV  
  47  4:52  Medivac  
  51  5:04  Marine  
  49  5:31  Barracks Tech Lab  
  49  5:32  Barracks Tech Lab  
  47  5:46  Marine  
  47  5:50  SCV  
  47  5:55  SCV  
  49  6:02  SCV  
  49  6:04  Marine  
  50  6:08  SCV  
  51  6:14  SCV  
  50  6:20  SCV  
  50  6:22  Marine  
  51  6:33  Combat Shields  
  51  6:34  Stimpack  
  51  6:39  Supply Depot, Engineering Bay x2, Marine  
  51  6:41  Supply Depot  
  51  6:42  SCV  
  51  6:43  SCV  
  54  6:47  Refinery  
  54  6:53  Marine x2  
  56  6:55  Starport Reactor, SCV x2  
  56  6:57  Marine  
  56  7:00  Supply Depot  
  59  7:07  SCV  
  56  7:11  Marine  
  56  7:12  Marine  
  56  7:15  Marine  
  58  7:18  Supply Depot  
  58  7:19  SCV  
  60  7:24  SCV  
  60  7:29  Terran Infantry Armor Level 1, Terran Infantry Weapons Level 1, Marine  
  62  7:30  Marine  
  62  7:31  SCV  
  62  7:32  Armory  
  62  7:33  Marine, Medivac x2  
  62  7:36  SCV  
  62  7:37  Refinery  
  70  7:43  SCV  
  71  7:46  Supply Depot, Marine  
  71  7:47  Marine  
  71  7:48  Missile Turret, SCV  
  71  7:51  Marine  
  75  7:52  Missile Turret  
  75  7:55  SCV  
  76  8:00  SCV  
  76  8:04  Marine  
  78  8:05  Marine  
  78  8:07  SCV  
  78  8:08  Marine  
  78  8:10  Siege Tank  
  84  8:13  SCV  
  84  8:19  SCV  
  86  8:22  Marine  
  86  8:23  Marine  
  86  8:25  Supply Depot, SCV  
  86  8:26  Supply Depot, Marine  
  90  8:29  Terran Vehicle Weapons Level 1  
  90  8:40  Marine  
  90  8:41  Marine  
  91  8:44  Marine  
  93  8:58  Marine  
  93  8:59  Marine  
  93  9:02  Marine  
  96  9:15  Marine  
  96  9:17  Marine  
  97  9:20  Marine  
  93  9:33  Marine  
  93  9:34  Marine  
  93  9:38  Marine, SCV x2  
  86  9:47  Command Center  
  86  9:50  SCV  
  86  9:51  Marine  
  86  9:52  Marine  
  88  9:55  Marine  
  90  10:04  Command Center  
  90  10:07  Barracks  
  90  10:08  Barracks  
  90  10:09  Marine, Barracks x2  
  90  10:10  Marine, Barracks x2  
  90  10:12  Barracks  
  90  10:13  Marine  
  93  10:27  Marine  
  93  10:28  Marine  
  95  10:30  Refinery  
  95  10:31  Marine  
  95  10:32  Terran Infantry Weapons Level 2  
  95  10:33  Terran Infantry Armor Level 2  
  96  10:39  Siege Tank  
  99  10:44  Marine  
  99  10:46  Marine  
  99  10:48  Terran Vehicle Weapons Level 2  
  99  10:49  Marine  
  102  10:57  Barracks Reactor  
  102  10:59  Barracks Reactor  
  102  11:02  Supply Depot, Marine  
  102  11:03  Marine  
  104  11:07  Marine  
  104  11:10  Barracks Tech Lab x3  
  105  11:11  Barracks Tech Lab  
  105  11:13  Barracks Tech Lab  
  105  11:20  Marine, Orbital Command  
  105  11:21  Marine  
  105  11:24  Marine  
  108  11:26  Orbital Command  
  108  11:31  Marauder x2  
  108  11:32  Marauder  
  114  11:37  Supply Depot  
  114  11:38  Marine, Marauder  
  114  11:39  Marine, Marauder  
  120  11:41  SCV  
  121  11:53  Marauder x2  
  125  11:54  SCV  
  125  12:06  SCV  
  126  12:13  Missile Turret  
  126  12:15  Missile Turret  
  126  12:16  Marauder x2  
  126  12:17  Marine, Marauder x4  
  126  12:18  Marine x4, SCV  
  144  12:23  Supply Depot  
  144  12:25  Supply Depot x2  
  144  12:28  Supply Depot  
  144  12:30  Marine  
  144  12:35  Marine  
  146  12:38  Marauder x6  
  158  12:59  Marauder x3  
  164  13:12  Marine x2  
  158  13:27  Marine x3  
  158  13:28  Marine x7  
  158  13:30  Marine x2  
Show
View Real Time Build Order
Export as new Build Order

KKrazy Terran 

Build Orders: 1/1/1 

Get SALT Encoding   

  12  0:02  SCV  
  13  0:14  SCV  
  13  0:18  Supply Depot  
  14  0:24  Refinery  
  14  0:29  SCV  
  15  0:41  SCV  
  16  0:47  Barracks  
  16  0:53  SCV  
  17  1:05  SCV  
  18  1:12  Refinery  
  18  1:18  SCV  
  19  1:30  SCV  
  20  1:37  Marine, Factory  
  21  1:44  Orbital Command  
  21  1:55  Supply Depot  
  21  1:59  Marine  
  22  2:10  SCV  
  23  2:21  Starport  
  23  2:22  Factory Tech Lab  
  23  2:30  Barracks Reactor  
  23  2:31  SCV  
  24  2:40  Supply Depot  
  24  2:44  Siege Tank  
  24  2:49  SCV  
  28  2:59  Medivac  
  30  3:23  Siege Tank  
  33  3:32  Command Center  
  33  3:36  Medivac  
  35  3:46  Supply Depot  
  35  3:48  Barracks  
  35  4:06  Marine  
  35  4:07  Marine  
  35  4:08  Siege Tank  
  40  4:35  Marine  
  40  4:37  Medivac  
  43  5:09  Marine x2  
  43  5:10  Starport Reactor, Siege Tank  
  48  5:20  SCV  
  49  5:22  Orbital Command  
  49  5:24  Command Center  
  49  5:32  SCV  
  49  5:34  Refinery  
  50  5:44  SCV  
  50  5:47  Engineering Bay, Marine  
  50  5:48  Barracks Reactor  
  52  5:52  Barracks  
  52  5:56  SCV  
  53  5:58  SCV  
  53  5:59  Marine  
  55  6:07  Marine  
  55  6:08  SCV  
  55  6:10  SCV  
  58  6:19  Marine  
  58  6:20  Missile Turret, SCV  
  58  6:22  SCV  
  61  6:26  Medivac  
  61  6:27  Siege Tank  
  61  6:32  Supply Depot x2, SCV  
  67  6:34  SCV  
  67  6:38  Refinery  
  68  6:41  Orbital Command  
  68  6:44  Barracks Tech Lab  
  68  6:49  Missile Turret  
  68  6:54  SCV  
  68  6:55  SCV  
  68  7:00  Marine  
  68  7:01  Marine  
  72  7:02  Marine  
  72  7:06  SCV  
  72  7:07  SCV  
  75  7:16  Marine  
  75  7:19  Supply Depot  
  75  7:21  Marine  
  75  7:22  SCV  
  78  7:23  Missile Turret  
  78  7:29  Missile Turret  
  78  7:33  Marine  
  78  7:34  Missile Turret, Marine x3  
  78  7:36  SCV  
  83  7:38  SCV  
  84  7:51  Missile Turret  
  84  7:58  Marine x3  
  85  7:59  Marine x2  
  85  8:05  Barracks x2  
  89  8:06  Terran Infantry Weapons Level 1  
  89  8:09  Armory  
  89  8:15  Marine  
  89  8:16  Marine x2  
  92  8:20  Marine  
  92  8:21  Marine  
  92  8:25  Siege Tank  
  92  8:26  SCV  
  98  8:33  Marine  
  99  8:34  Marine x2  
  99  8:37  Orbital Command  
  90  9:00  Marine, SCV x2  
  90  9:02  Barracks Reactor  
  93  9:03  Barracks Reactor  
  93  9:04  SCV  
  94  9:12  SCV x2  
  94  9:16  SCV  
  94  9:24  SCV x2  
  89  9:33  Marine  
  89  9:34  Marine x4  
  89  9:36  Siege Tank  
  91  9:47  Marine  
  91  9:48  Marine  
  91  9:49  Marine  
  91  9:51  Marine x5  
  91  9:52  Supply Depot, Combat Shields  
  89  10:00  Terran Infantry Armor Level 1  
  89  10:01  Marine  
  89  10:02  SCV x2  
  89  10:06  Missile Turret  
  87  10:07  SCV  
  87  10:08  Missile Turret x2  
  87  10:09  Marine  
  87  10:10  Marine x7  
  87  10:11  Siege Tank  
  87  10:13  Medivac  
  87  10:14  Medivac, SCV x2  
  103  10:19  Marine, SCV  
  107  10:24  Missile Turret  
  107  10:26  Marine  
  107  10:27  Marine  
  107  10:28  Marine x6  
  109  10:30  Factory  
  109  10:33  Armory  
  115  10:37  Marine, Terran Vehicle Weapons Level 1  
  115  10:39  SCV  
  115  10:41  Refinery  
  117  10:43  Refinery  
  117  10:45  Supply Depot  
  117  10:46  Supply Depot x2  
  117  10:47  Supply Depot  
  117  10:48  Marine, Medivac  
  117  10:49  Siege Tank, SCV x2  
  125  10:51  Marine, SCV  
  125  10:53  Marine, Marauder  
  130  11:05  Supply Depot  
  130  11:06  Supply Depot  
  130  11:08  Marine  
  130  11:10  Marine  
  130  11:11  Marine x6  
  132  11:12  Stimpack  
  132  11:14  Marine  
  132  11:17  SCV  
  140  11:21  Siege Tank  
  140  11:24  Factory Tech Lab  
  140  11:25  Supply Depot  
  143  11:26  Marine  
  143  11:27  Supply Depot  
  143  11:28  Marine  
  143  11:29  Marine x4  
  143  11:30  Medivac x2  
  153  11:37  Marine  
  154  11:44  Missile Turret  
  154  11:53  Siege Tank  
  157  11:59  Marine  
  157  12:00  Medivac  
  157  12:01  Marine  
  160  12:08  Marine  
  160  12:09  Marine x3  
  160  12:10  Marine x2, Siege Tank  
  169  12:20  Command Center  
  169  12:21  Missile Turret  
  169  12:28  Supply Depot  
  169  12:32  Supply Depot  
  169  12:38  SCV  
  169  12:39  Siege Tank  
  169  12:43  Siege Tank  
  174  13:03  Command Center  
  174  13:04  Sensor Tower  
  174  13:08  Missile Turret  
Tags
 
Add a new tag
Caveats
  • Supply blocks, unpowered buildings, or Contaminate may cause inaccurate times.
  • Supply counts are checked every 10 seconds.